woodfighter, chaotic female orcish Cavewoman ---------- ---------------- |........| |..............| |........| |........<......# #.........| |..............|# ---- #-----.---- |.........)....|# ... ## ----------------# .. # --------- # -.. ### #####........| # |.. # |.......| # |`.. ## |.......| # |..q| -+--|----####-.......| # -...@######### |.......|# |.......| # .....`.....| # |.......|# ##-.......| #### |`.........` ##-)......|# # --------- #----------- ------------ |........### #|.^.....=.+ |.......|# #.........>| ---------# ----------- ##### woodfighter the Cave Teen Experience level: 4 Strength: 18/02 Dexterity: 13 Constitution: 16 Intelligence: 8 Wisdom: 10 Charisma: 9 Health: 0(33) Energy: 16(16) Def: 2 Gold: 1279 Moves: 2317 Dungeon seed: Itm7WV7xugqOuPpY Game ID: woodfighter_1488151260 Your Inventory: Coins $ - 1279 gold pieces Amulets g - a cursed amulet of strangulation Weapons a - a +1 club (weapon in hand) b - a +2 sling (alternate weapon; not wielded) Armor n - an uncursed +0 dwarvish cloak q - an uncursed +0 leather armor (being worn) r - an uncursed +0 elven mithril-coat y - a cursed -1 helm of opposite alignment z - an uncursed +0 orcish helm Comestibles c - 2 uncursed mangos d - 2 uncursed oranges h - an uncursed eucalyptus leaf o - an uncursed tripe ration Scrolls j - 2 uncursed scrolls of charging m - an uncursed scroll of fire s - an uncursed scroll of identify v - 2 uncursed scrolls of scare monster C - a blessed scroll of stinking cloud Potions l - a blessed potion of levitation u - a blessed potion of gain ability w - an uncursed potion of paralysis A - an uncursed potion of object detection Rings f - a cursed ring of shock resistance D - an uncursed ring of polymorph Wands k - a wand of enlightenment (0:11) p - a wand of magic missile (0:4) t - a wand of make invisible (0:8) x - a wand of light (0:13) B - a wand of slow monster (0:8) Tools i - a +0 pick-axe Gems e - 12 uncursed flints (in quiver) Spells and supernatural/magical abilities: Name Level Category Fail Memory W - pray for help -- divine ? -- Your skills at the end: Miscellaneous Skills bare handed combat [Basic] Weapon Skills scimitar [Basic] club [Basic] sling [Basic] Spellcasting Skills Final Attributes: You were piously aligned. You were poison resistant. You were telepathic. You had infravision. You were somewhat stealthy. You are dead. Vanquished creatures: a pony 4 floating eyes an iguana 2 werejackals a gas spore 2 hobbits 2 geckos a hobgoblin a brown mold 2 yellow molds 2 gnome zombies 5 jackals 2 kobolds a newt 2 sewer rats a grid bug a bat 2 lichens a kobold zombie 34 creatures vanquished. Voluntary challenges: You did not adorn yourself with jewelry or accessories. You did not cause conflict. You were not invisible. You did not have reflection. You were not displaced. You were an atheist. You used a wielded weapon 35 times, starting on turn 43. You did not use tools. You did not use plumbed fixtures. You did not drink any magical draughts. You were illiterate. You never genocided any monsters. You never polymorphed an object. You never changed form. You used no wishes. You never split a pudding. You never wrote Elbereth's name. You never violated your personal moral code. Dungeon overview: The Dungeons of Doom: levels 1 to 7 Level 1 a fountain a long staircase Level 2 a fountain Level 3 a fountain stairs to The Gnomish Mines Level 4 Level 5 a fountain Level 6 (vault) Level 7 <- You were here The Gnomish Mines: Level 4 stairs to The Dungeons of Doom History has recorded: On T:1 you entered the Dungeons of Doom to retrieve the Amulet of Yendor! On T:140 you reached level 2 of The Dungeons of Doom. On T:462 you reached level 3 of The Dungeons of Doom. On T:701 you reached level 4 of The Dungeons of Doom. On T:791 you reached level 1 of The Gnomish Mines. On T:938 you advanced to experience level 2. On T:1009 you advanced to experience level 3. On T:1118 you reached level 5 of The Dungeons of Doom. On T:1472 you reached level 6 of The Dungeons of Doom. On T:1850 you advanced to experience level 4. On T:2110 you reached level 7 of The Dungeons of Doom. Score breakdown: Gold: 1279 ( 127 points) Experience: 4 levels ( 300 points) Exploration: 7 levels ( 180 points) Discoveries: 19 items ( 950 points) Variety of kills: 19 monsters ( 950 points) Major goal: (nothing yet) ( 0 points) Survival: died (score multiplied by 3) Total score: 7521 Latest messages: You kill the pony! C - a labeled LOREM IPSUM SIT AMET. You stop exploring. You hit the werejackal! The werejackal changes into a jackal. The werejackal claws you! You kill the werejackal! You feel tough! You must be leading a healthy life-style. You hear convulsive ravings. D - a clay ring. The door opens. This door is locked. You stop exploring. A little dart shoots out at you! You are almost hit by a little dart. The door opens. You stop exploring. The rothe claws you! The rothe bites! (2x) You hit the rothe! (2x) The rothe claws you! The rothe bites! (2x) You hit the rothe! The rothe claws you! The rothe bites! (2x) You die... Final status: Goodbye woodfighter the Cavewoman, killed by a rothe... You died in The Dungeons of Doom on dungeon level 7 with 7521 points, and 1279 pieces of gold, after 2317 moves. You were level 4 with a maximum of 33 hit points when you died.